 Dungeon Crawl Stone Soup version 0.16.1-4-g8e1b745 (webtiles) character file.

65 ventricule the Vandal (level 4, 0/28 HPs)
             Began as an Octopode Arcane Marksman on Mar 27, 2015.
             Slain by a hobgoblin (1 damage)
             ... on level 2 of the Dungeon.
             The game lasted 00:04:25 (2122 turns).

ventricule the Vandal (Octopode Arcane Marksman)    Turns: 2122, Time: 00:04:25

Health: 0/28       AC:  1    Str: 10    XL:     4   Next: 13%
Magic:  5/5        EV: 12    Int: 16    God:
Gold:   24         SH:  0    Dex: 11    Spells: 1 memorised, 4 levels left

rFire  . . .     SeeInvis .     b - +0 hunting sling
rCold  . . .     Clarity  .     (no shield)
rNeg   . . .     SustAb   .     (helmet restricted)
rPois  .         Gourm    .     (no amulet)
rElec  .         Spirit   .     (no ring)
rCorr  .         Warding  .     (no ring)
rMut   .         Stasis   .     (no ring)
MR     .....                    (no ring)
Stlth  ++........               (no ring)
                                (no ring)
                                (no ring)
                                (no ring)

@: lethally poisoned (0 -> -8), not resistant to hostile enchantments,
unstealthy
A: almost no armour, amphibious, 8 rings, constrict 8, camouflage 1, gelatinous
body 1
a: no special abilities


You were on level 2 of the Dungeon.
You were not hungry.

You visited 1 branch of the dungeon, and saw 2 of its levels.

You collected 24 gold pieces.

Inventory:

Hand weapons
 b - a +0 hunting sling (weapon)
Missiles
 c - 37 sling bullets (quivered)
 i - 28 stones
Scrolls
 a - 2 scrolls of identify {unknown}
 g - a scroll of blinking {unknown}
 j - 2 scrolls of remove curse {unknown}
 n - a scroll of fog {unknown}
Potions
 e - a potion of cancellation {unknown}
 h - a potion of might {unknown}
 k - 3 potions of heal wounds {unknown}
 m - a potion of flight {unknown}
Books
 d - a book of Debilitation

   Spells                             Type                      Level
   a - Corona                         Hexes                        1
   b - Slow                           Hexes                        2
   c - Inner Flame                    Hexes/Fire                   3
   d - Enslavement                    Hexes                        4
   e - Cause Fear                     Hexes                        4
   f - Leda's Liquefaction            Hexes/Earth                  4
Comestibles
 f - a bread ration
 l - a slice of pizza


   Skills:
 - Level 1.0 Fighting
 + Level 4.2 Slings
 - Level 2.0 Dodging
 - Level 1.0 Spellcasting
 - Level 3.0 Hexes


You had 4 spell levels left.
You knew the following spells:

 Your Spells              Type           Power        Failure   Level  Hunger
a - Corona                Hex            ##.....      10%         1    ##.....


Dungeon Overview and Level Annotations

Branches:
Dungeon (2/15)

Altars:


Innate Abilities, Weirdness & Mutations

You cannot wear most types of armour.
You are amphibious.
You can wear up to eight rings at the same time.
You can use your tentacles to constrict many enemies at once.
Your skin changes colour to match your surroundings (Stealth).
Your rubbery body absorbs attacks (AC +1).


Message History

Aim: a hobgoblin You shoot a sling bullet.
The sling bullet hits the hobgoblin.
The hobgoblin is severely wounded.
* * * LOW HITPOINT WARNING * * *
You feel sick. The hobgoblin hits you.
* * * LOW HITPOINT WARNING * * *
Firing (i - inventory. (,) - cycle):
c - 39 sling bullets (quivered)
Press: ? - help, Shift-Dir - straight line, f/p - hobgoblin
Aim: a hobgoblin (severely wounded)
You shoot a sling bullet.
The sling bullet barely misses the hobgoblin.
The hobgoblin barely misses you.
Firing (i - inventory. (,) - cycle):
c - 38 sling bullets (quivered)
Press: ? - help, Shift-Dir - straight line, f/p - hobgoblin
Aim: a hobgoblin (heavily wounded)
You shoot a sling bullet.
The sling bullet closely misses the hobgoblin.
* * * LOW HITPOINT WARNING * * *
You feel sick. The hobgoblin hits you.
You die...

# # # # # ... .#%########
#...........).##########
......#######.##........
.#.....#######...........
(......g@.......(.#######
##....#############
#...รท #.# #.### #)#
#####.### #........
....###.### ## #.# #.###


You could see a hobgoblin.

Vanquished Creatures
  2 adders (D:2)
  2 giant mites
  2 giant geckos (D:1)
  3 bats
  A giant cockroach (D:2)
  3 goblins
  2 hobgoblins
  2 jackals (D:1)
  6 kobolds
  A ball python (D:2)
  A giant newt (D:2)
  5 rats
30 creatures vanquished.

Notes
Turn   | Place    | Note
--------------------------------------------------------------
     0 | D:1      | ventricule, the Octopode Arcane Marksman, began the quest for the Orb.
     0 | D:1      | Reached XP level 1. HP: 13/13 MP: 2/2
    57 | D:1      | Reached XP level 2. HP: 15/18 MP: 0/3
  1103 | D:1      | Reached XP level 3. HP: 20/23 MP: 2/4
  1710 | D:2      | Reached skill level 4 in Slings
  2117 | D:2      | Reached XP level 4. HP: 8/28 MP: 5/5
  2122 | D:2      | HP: 1/28 [poisoned by a giant mite]
  2122 | D:2      | Slain by a hobgoblin

Action                   |  1- 3 |  4- 6 || total
-------------------------+-------+-------++-------
Melee: Unarmed           |    85 |       ||    85
 Fire: Hunting sling     |     8 |     4 ||    12
 Cast: Corona            |    10 |       ||    10
 Stab: Sleeping          |     3 |       ||     3
  Eat: Chunk             |     4 |       ||     4
